Map: Amygdala

Players

Nuklear

  • Race: Terran Terran
  • League: Gold
  • Spawn Location: 1:00

WeAreLegion - Winner!

  • Race: Terran Terran
  • League: Silver
  • Spawn Location: 7:00

VOD

Have the link to the VOD?

Description

Time

  • Played on: Dec. 13, 2024, 1:59 a.m.
  • Length: 11:12
Show
View Real Time Build Order
Export as new Build Order

Nuklear Terran 

Build Orders: 1/1/1 

Get SALT Encoding   

  12  0:01  SCV  
  13  0:15  Supply Depot  
  13  0:18  SCV  
  14  0:28  Refinery  
  14  0:30  SCV  
  15  0:43  Barracks  
  15  0:48  SCV  
  16  1:00  SCV  
  17  1:13  SCV  
  18  1:19  Barracks  
  18  1:38  Orbital Command, Factory  
  18  1:41  Marine  
  19  1:58  Marine  
  20  2:01  Refinery  
  20  2:10  Barracks Tech Lab  
  20  2:11  Supply Depot  
  20  2:14  SCV  
  21  2:26  Starport  
  20  2:32  Factory Tech Lab  
  20  2:36  Marine  
  23  2:58  Marine, Marauder  
  23  3:04  Medivac  
  26  3:09  SCV  
  27  3:15  Engineering Bay  
  27  3:19  Marine  
  28  3:22  Siege Tank  
  31  3:36  Supply Depot  
  31  3:37  Starport Tech Lab  
  31  3:45  Stimpack  
  31  3:58  SCV  
  32  4:07  Command Center  
  32  4:12  Raven  
  32  4:13  Marine  
  32  4:14  Marine  
  38  4:17  Widow Mine  
  38  4:44  SCV  
  39  4:55  Missile Turret  
  39  4:59  Missile Turret  
  39  5:07  Supply Depot  
  39  5:17  Supply Depot  
  39  5:19  Cyclone  
  42  5:22  Medivac  
  42  5:24  Missile Turret  
  44  5:34  Orbital Command  
  44  5:35  SCV  
  45  5:41  Barracks Reactor  
  45  5:42  Marauder  
  47  5:45  Concussive Shells  
  47  5:53  Cyclone  
  50  5:58  Orbital Command  
  50  6:11  SCV  
  51  6:13  Marine  
  51  6:14  Terran Infantry Weapons Level 1  
  51  6:17  Medivac  
  54  6:20  Marine  
  54  6:22  Marine  
  56  6:30  Marine  
  57  6:37  Missile Turret  
  57  6:38  Marine  
  58  6:49  Marauder  
  58  6:50  SCV  
  58  6:53  SCV  
  62  7:05  Starport  
  62  7:06  SCV  
  62  7:07  SCV, Factory  
  64  7:18  SCV  
  57  7:41  SCV x2  
  59  7:48  Refinery  
  59  7:49  Refinery  
  59  7:53  SCV x2, Marine x3  
  59  7:55  Starport Reactor  
  59  7:56  Medivac  
  59  7:58  Factory Tech Lab  
  66  8:05  SCV  
  67  8:07  Barracks  
  67  8:08  Barracks  
  67  8:11  Missile Turret, Marauder  
  69  8:18  Missile Turret  
  69  8:20  Terran Infantry Armor Level 1  
  69  8:25  Missile Turret  
  69  8:30  Armory  
  69  8:32  Supply Depot  
  69  8:34  Marine  
  69  8:35  Supply Depot, Marine  
  69  8:36  SCV, Marauder  
  74  8:48  Interference Matrix  
  74  8:52  Medivac  
  78  8:56  Liberator  
  78  8:59  Barracks Tech Lab  
  79  9:20  SCV  
  79  9:21  Marine x2  
  79  9:22  Marine, Marauder  
  85  9:28  Supply Depot  
  85  9:29  Supply Depot  
  85  9:39  Marine  
  85  9:41  Command Center  
  86  9:52  Supply Depot  
  86  9:53  Supply Depot  
  86  9:58  Marine x2  
  86  9:59  Marine x2  
  90  10:00  SCV  
  90  10:06  Bunker  
  91  10:15  Supply Depot  
  91  10:16  Marine x3  
  91  10:17  Marauder  
  96  10:31  SCV x2  
Show
View Real Time Build Order
Export as new Build Order

WeAreLegion Terran - Winner!

Build Orders: Banshee Rush 

Get SALT Encoding   

  12  0:00  SCV  
  13  0:12  SCV  
  14  0:18  Supply Depot  
  14  0:24  SCV  
  15  0:39  SCV  
  15  0:40  Barracks  
  16  0:44  Refinery  
  16  0:57  SCV  
  16  1:03  Refinery  
  17  1:09  SCV  
  18  1:21  SCV  
  19  1:34  Orbital Command  
  19  1:35  Reaper  
  20  1:48  Factory  
  20  1:54  Supply Depot  
  20  1:59  SCV  
  21  2:10  Reaper  
  21  2:11  SCV  
  23  2:23  SCV  
  24  2:31  Command Center  
  24  2:40  Starport  
  24  2:44  SCV  
  26  2:56  SCV, Hellion  
  26  2:57  Barracks Reactor  
  28  3:07  Supply Depot  
  28  3:08  SCV  
  29  3:20  Starport Tech Lab  
  29  3:21  SCV  
  29  3:23  Factory Tech Lab  
  30  3:33  SCV  
  31  3:34  Supply Depot  
  31  3:35  Marine  
  31  3:36  Marine  
  31  3:41  Cloaking Field  
  33  3:45  SCV, Banshee  
  38  3:57  SCV  
  38  3:58  Orbital Command  
  38  4:00  Marine  
  39  4:09  SCV, Siege Tank  
  43  4:16  Supply Depot  
  43  4:19  Marine  
  43  4:21  SCV  
  45  4:27  SCV  
  46  4:33  SCV  
  44  4:42  SCV  
  46  4:45  SCV  
  46  4:55  Supply Depot  
  46  4:56  SCV  
  46  4:57  SCV  
  48  5:01  Refinery  
  48  5:04  Refinery  
  48  5:06  Barracks  
  48  5:07  Barracks  
  48  5:11  Engineering Bay  
  48  5:14  SCV x2  
  47  5:49  SCV x2  
  49  5:56  Marine x2  
  51  5:57  Siege Tank  
  51  5:59  Barracks Tech Lab  
  51  6:00  Barracks Tech Lab  
  51  6:01  SCV x2  
  56  6:07  Supply Depot, Barracks  
  56  6:08  Terran Infantry Weapons Level 1  
  56  6:13  SCV  
  56  6:14  Marine  
  56  6:15  Barracks  
  56  6:17  Raven  
  60  6:18  Marine  
  60  6:20  SCV  
  60  6:25  SCV  
  63  6:28  Command Center  
  63  6:29  Siege Tank  
  63  6:31  Marine, Armory  
  67  6:36  Marine, Engineering Bay  
  67  6:39  SCV x2  
  70  6:49  Marine  
  70  6:51  Raven, SCV  
  74  6:54  Marine  
  74  6:55  Missile Turret  
  75  7:01  Siege Tank  
  75  7:02  Missile Turret  
  75  7:03  SCV  
  75  7:04  SCV  
  75  7:05  Stimpack  
  75  7:06  Barracks Tech Lab  
  75  7:08  Barracks Reactor  
  80  7:10  Barracks Reactor  
  80  7:13  Interference Matrix  
  80  7:14  Marine x2  
  78  7:29  Missile Turret  
  77  7:31  Missile Turret  
  75  8:03  Marine  
  75  8:04  Marauder x2  
  81  8:08  Marine x2  
  81  8:09  Siege Tank  
  85  8:25  Marauder x2  
  89  8:28  SCV x2  
  89  8:29  Terran Infantry Weapons Level 2  
  89  8:31  Terran Infantry Armor Level 1  
  91  8:37  Supply Depot  
  91  8:40  SCV  
  92  8:42  Terran Vehicle Weapons Level 1  
  92  8:43  Supply Depot  
  92  8:47  Marauder x2  
  96  8:50  SCV  
  96  8:51  Marine x3  
  96  8:52  SCV  
  101  8:59  Siege Tank  
  101  9:02  SCV  
  105  9:04  SCV  
  105  9:05  Supply Depot  
  105  9:08  Marauder x2  
  110  9:10  Supply Depot  
  110  9:17  Barracks  
  110  9:19  Viking x2  
  110  9:21  SCV x2  
  116  9:25  Refinery  
  116  9:26  Marine x2  
  116  9:27  Marine x2, Marauder  
  116  9:29  Supply Depot, Marauder  
  116  9:31  Orbital Command  
  124  9:32  Marauder  
  124  9:33  Supply Depot, SCV x2  
  128  9:44  Marine  
  129  9:45  SCV  
  129  9:46  SCV  
  129  9:49  Marauder  
  129  9:50  Medivac x2  
  129  9:51  Supply Depot, Marauder  
  139  9:53  Marauder  
  141  10:02  Marine  
  141  10:03  Marine x3  
  141  10:04  Siege Tank  
  148  10:09  Marine  
  148  10:13  Marauder  
  151  10:14  Marauder  
  151  10:20  Supply Depot, Medivac x2  
  157  10:40  Marauder  
Tags
 
Matchup
TvT
Opening
1/1/1
Race
Terran
Replay Pack
December
Spawn Locations
Cross Positions
Strategy
Banshee Rush
Add a new tag
Caveats
  • Supply blocks, unpowered buildings, or Contaminate may cause inaccurate times.
  • Supply counts are checked every 10 seconds.